Map: King's Cove LE

Players

Woah

  • Race: Terran Terran
  • Spawn Location: 5:00

LeDouche - Winner!

  • Race: Protoss Protoss
  • League: Platinum
  • Spawn Location: 11:00

VOD

Have the link to the VOD?

Description

Time

  • Played on: June 11, 2019, 3:20 p.m.
  • Length: 12:43
Show
View Real Time Build Order
Export as new Build Order

Woah Terran 

Build Orders:  

Get SALT Encoding   

  12  0:01  SCV  
  13  0:15  SCV  
  13  0:19  Supply Depot  
  14  0:31  SCV  
  15  0:43  Barracks  
  15  0:45  Refinery  
  15  0:46  SCV  
  16  0:58  SCV  
  17  1:10  SCV  
  18  1:29  Orbital Command  
  18  1:32  Barracks Reactor  
  18  1:46  Command Center  
  18  1:55  Supply Depot  
  18  2:07  Bunker  
  18  2:11  Marine  
  18  2:14  Marine  
  20  2:31  Factory  
  20  2:36  SCV  
  21  2:41  Marine  
  22  2:53  Barracks  
  22  2:55  Marine  
  20  3:31  Orbital Command  
  20  3:32  Marine x2  
  21  3:40  Factory Tech Lab  
  21  3:50  Barracks Tech Lab, Marine x2  
  23  3:56  SCV  
  23  3:59  Supply Depot  
  23  4:01  Starport  
  23  4:08  SCV, Marine  
  25  4:10  SCV  
  26  4:20  SCV  
  27  4:25  Bunker  
  27  4:32  Supply Depot  
  27  4:33  Marauder  
  29  4:43  Siege Tank  
  32  4:53  Stimpack  
  32  5:02  Bunker  
  32  5:03  SCV x2  
  34  5:15  SCV  
  35  5:35  Barracks x2  
  35  5:36  SCV  
  35  5:37  SCV  
  35  5:38  Refinery  
  35  5:41  Engineering Bay  
  37  5:42  Engineering Bay  
  37  5:48  SCV  
  37  5:49  SCV  
  39  5:53  Raven  
  39  5:55  Marine x2  
  43  6:00  SCV  
  43  6:03  Factory Tech Lab  
  44  6:04  Barracks  
  44  6:20  Marine x2  
  46  6:33  Combat Shield  
  46  6:38  SCV  
  46  6:39  SCV  
  48  6:42  Marauder, Refinery  
  48  6:43  Marine  
  48  6:44  Marauder  
  53  6:49  Barracks Reactor  
  53  6:51  SCV  
  54  7:04  Marauder  
  54  7:07  Starport Reactor  
  60  7:23  Marauder x2  
  60  7:24  Marine  
  60  7:27  Command Center  
  61  7:30  Terran Infantry Weapons Level 1  
  61  7:35  Refinery  
  61  7:38  Supply Depot  
  61  7:44  Supply Depot  
  61  7:46  SCV  
  62  7:54  Terran Infantry Armor Level 1  
  62  8:00  SCV x2  
  64  8:08  Concussive Shells  
  64  8:10  Marine  
  64  8:11  Marauder x2  
  64  8:12  Factory Reactor  
  69  8:22  Marine x3  
  69  8:23  Marauder  
  74  8:28  Supply Depot, Marine  
  74  8:32  Armory, Marauder  
  77  8:35  Supply Depot  
  77  8:39  Marauder, Medivac  
  81  8:45  Missile Turret  
  81  8:48  Medivac  
  83  8:51  Widow Mine  
  83  8:52  Widow Mine  
  87  9:09  Viking  
  89  9:13  Orbital Command  
  89  9:19  Starport  
  89  9:20  Refinery  
  89  9:36  Marine x2  
  95  9:38  Marine  
  95  9:44  Terran Infantry Weapons Level 2  
  92  9:47  Terran Ship Weapons Level 1  
  68  10:29  Marauder, Marine  
  68  10:30  Marauder x2, Marine x2  
  68  10:42  Viking  
  63  10:43  Viking  
  63  10:51  Marauder x3  
  69  10:57  Viking  
  69  10:59  Marine  
  70  11:12  Marauder  
  34  11:43  Marauder, Marine x3  
  34  11:44  Marauder x2, Marine  
  39  11:54  Starport Reactor  
  39  12:01  Marine x2  
  39  12:05  Marauder  
  38  12:14  Marine  
  38  12:15  Marauder, Marine  
Show
View Real Time Build Order
Export as new Build Order

LeDouche Protoss - Winner!

Build Orders:  

Get SALT Encoding   

  12  0:00  Probe  
  13  0:13  Probe  
  14  0:20  Pylon  
  14  0:25  Probe  
  15  0:38  Probe  
  15  0:40  Gateway  
  16  0:44  Assimilator  
  16  0:50  Probe  
  16  0:53  Assimilator  
  17  1:04  Gateway  
  17  1:07  Probe  
  18  1:15  Probe  
  19  1:29  Probe  
  19  1:30  Cybernetics Core  
  20  1:38  Pylon  
  20  1:57  Stalker x2  
  20  2:02  Probe  
  25  2:21  Pylon  
  25  2:24  Probe  
  25  2:28  Stalker  
  28  2:30  Stalker  
  28  2:36  Probe  
  26  3:39  Warp Gate  
  26  3:46  Nexus  
  26  3:55  Probe  
  27  3:56  Gateway  
  27  3:57  Gateway, Robotics Facility  
  27  3:59  Gateway  
  27  4:07  Probe  
  28  4:16  Stalker x2  
  32  4:19  Probe  
  33  4:31  Probe  
  34  4:43  Probe, Pylon, Twilight Council  
  35  4:46  Observer  
  35  4:52  Sentry  
  38  4:53  Probe  
  38  4:59  Probe  
  40  5:01  Probe  
  40  5:05  Shield Battery  
  40  5:06  Shield Battery  
  41  5:10  Probe  
  41  5:11  Probe  
  41  5:12  Blink  
  43  5:22  Probe  
  43  5:23  Probe  
  45  5:34  Probe  
  46  5:35  Stalker  
  46  5:36  Stalker  
  51  5:42  Pylon  
  51  5:46  Probe  
  50  5:54  Robotics Bay, Probe  
  50  5:56  Pylon  
  51  5:58  Probe  
  51  6:02  Assimilator  
  52  6:06  Assimilator, Probe x2  
  54  6:14  Probe  
  54  6:16  Stalker  
  54  6:17  Pylon  
  57  6:18  Probe  
  57  6:24  Probe  
  58  6:30  Stalker x2  
  63  6:33  Probe  
  63  6:36  Probe  
  65  6:51  Forge  
  65  6:52  Probe x2  
  65  6:53  Forge  
  67  7:04  Probe  
  68  7:08  Colossus  
  68  7:13  Nexus  
  68  7:16  Pylon  
  68  7:18  Probe  
  68  7:21  Stalker  
  77  7:27  Probe, Pylon  
  77  7:29  Sentry x2  
  82  7:31  Probe  
  83  7:41  Charge  
  83  7:43  Zealot x2  
  87  7:44  Probe  
  88  7:53  Gateway  
  88  7:55  Gateway  
  88  7:56  Probe x2  
  90  8:01  Colossus  
  90  8:04  Stalker, Probe  
  99  8:15  Sentry  
  99  8:16  Probe  
  99  8:19  Protoss Ground Weapons Level 1  
  102  8:30  Stargate, Probe x2  
  102  8:32  Protoss Ground Armor Level 1, Probe  
  105  8:42  Probe x2  
  105  8:44  Sentry, Probe  
  110  8:49  Assimilator  
  110  8:52  Assimilator  
  110  8:54  Probe x2  
  112  8:56  Probe  
  113  9:04  Pylon  
  113  9:06  Probe  
  113  9:09  Probe  
  115  9:15  Phoenix  
  117  9:21  Colossus  
  117  9:22  Probe x2  
  117  9:23  Pylon  
  125  9:32  Pylon x3  
  125  9:34  Pylon x2  
  125  9:41  Probe  
  125  9:42  Stalker x2  
  125  9:43  Stalker  
  132  9:45  Oracle  
  132  9:49  Probe  
  133  9:58  Stalker x2  
  133  9:59  Stalker x2  
  144  10:04  Probe x3  
  147  10:16  Probe  
  132  10:30  Stalker x3  
  132  10:31  Stalker x4  
  132  10:54  Stalker x4  
  113  11:45  Stalker x4  
  113  11:46  Stalker x3  
  127  11:53  Gateway  
  127  11:55  Gateway  
  127  12:04  Nexus  
  127  12:05  Pylon  
  127  12:07  Nexus  
  121  12:20  Probe x2  
  121  12:21  Probe  
  128  12:24  Stalker x3  
  128  12:25  Stalker x3  
Tags
 
League
Platinum
Matchup
PvT
Replay Pack
r1
Spawn Locations
Cross Positions
Add a new tag
Caveats
  • Supply blocks, unpowered buildings, or Contaminate may cause inaccurate times.
  • Supply counts are checked every 10 seconds.